AoeStats
← AloneArcher

Arena

509265167Analyzed
1v1 RM · 7d ago on Sep 26, 2026· 16m 59s· 2 players
Game mode
Random Map
Map size
Tiny (2 player)
Population
200
Speed
Normal
Resources
Standard
Victory
Conquest
Starting age
Dark Age
Ending age
Imperial Age
RankedLock teamsTeams togetherTeam positionsShared explorationLock speedFull tech treeHidden civsTurbo modeCheats
Victory
Defeat
🇹🇷 Turks · Türkiye
785
+16
🇯🇵 Burgundians · Japan
788
-16
AloneArcher
13:15 Feudal Age
14:01 Double-Bit Axe
14:00 Horse Collar
16:48 Castle Age
Tkfm
5:38 Loom
7:57 Wheelbarrow
7:13 Double-Bit Axe
12:13 Feudal Age
10:58 Horse Collar
11:11 Gold Mining
13:31 Hand Cart
13:01 Town Watch
Connection lost

Rejoining the realm…

Still unreachable

The connection could not be restored.

Session expired

The server has moved on; the page needs a fresh start.